 Dungeon Crawl Stone Soup version 0.31-a0-986-g5e6e4ef867 (webtiles) character file.

Game seed: 1174450452677878097

44 avis the Changeling (level 3, 16/16 HPs)
             Began as a Felid Shapeshifter on Nov 22, 2023.
             Got out of the dungeon alive.
             The game lasted 00:06:34 (1433 turns).

avis the Changeling (Felid Shapeshifter)            Turns: 1433, Time: 00:06:34

Health: 16/16      AC:  1    Str: 10    XL:     3   Next: 41%
Magic:  4/4        EV: 17    Int: 11    God:
Gold:   132        SH:  0    Dex: 17    Spells: 2/2 levels left
                                        Lives:  0   Deaths: 1

rFire   . .          .
                       - Unarmed
rCold   . . .        (shield unavailable)
rNeg    . . .        (body armour unavailable)
rPois   .            (helmet unavailable)
rElec   .            (cloak unavailable)
rCorr   .            (gloves unavailable)
SInv    +            (boots unavailable)
Will    .....        (no amulet)
Stlth   ++           (no ring)
HPRegen 0.22/turn    (no ring)
MPRegen 0.09/turn

%: no passive effects
@: beast-form, quick
A: beast (slay +2), very small, claws 1, fangs 3, see invisible, speed 1, shaggy
fur 1, stealthy paws, no weapons or thrown items, no armour, multi-lived
a: Begin Untransformation


You escaped.
You were a hulking beast.
You visited 1 branch of the dungeon, and saw 2 of its levels.

You collected 132 gold pieces.

Inventory:

Missiles
 n - 6 stones
Talismans
 b - a beast talisman
 f - a flux talisman
 m - a maw talisman
Scrolls
 c - a scroll of enchant armour {unknown}
 d - a scroll of torment {unknown}
 g - 2 scrolls of teleportation {unknown}
 h - a scroll of blinking {unknown}
 k - a scroll of identify {unknown}
 l - a scroll of vulnerability {unknown}
Potions
 a - a potion of lignification
 e - 3 potions of curing {unknown}
 i - 2 potions of haste {unknown}
 j - a potion of berserk rage {unknown}


   Skills:
 - Level 2.0 Fighting
 - Level 2.6 Dodging
 - Level 3.0 Unarmed Combat
 * Level 4.3 Shapeshifting


You had 2 spell levels left.
You didn't know any spells.
Your spell library contained the following spells:

 Spells                   Type           Power      Damage    Failure   Level
 Passage of Golubria      Tloc           0%         N/A       98%         4
 Silence                  Hex/Air        0%         N/A       100%        5
 Summon Forest            Summ/Tloc      0%         N/A       100%        5
 Eringya's Noxious Bog    Tmut/Pois      0%         4d6       100%        6
 Summon Hydra             Summ           0%         N/A       100%        7
 Lehudib's Crystal Spear  Conj/Erth      0%         10d2      100%        8


Dungeon Overview and Level Annotations

Branches:
Dungeon (2/15)

Altars:


Innate Abilities, Weirdness & Mutations

You are a hulking beast.
Your limbs bulge with bestial killing power. (Slay +2)
You have sharp claws.
You have razor-sharp teeth.
You have supernaturally acute eyesight. (SInv)
You cover ground quickly. (Speed+)
You are covered in fur. (AC +1)
Your paws help you pounce on unaware monsters.
You are incapable of wielding weapons or throwing items.
You cannot wear armour.
You gain extra lives every three experience levels.


Message History

You closely miss the adder.
The adder is heavily wounded.
You feel sick. The adder closely misses you.
You scratch the adder.
You kill the adder!
You feel sick.
Okay, then.
You start resting.
You feel sick. x4
You are no longer poisoned.
You start resting.
HP restored.
As you open the door, it creaks loudly!
A gnoll comes into view.
It is wielding a +0 whip. 2 gnolls come into view.
A gnoll is wielding a +0 heavy spear.
The gnoll shouts! x2; You hear a shout!
An endoplasm comes into view.
A bat comes into view.
Something unseen breaks down the door.
A gnoll comes into view. It is wielding a +0 whip.
The endoplasm quivers.
The gnoll hits you with a +0 heavy spear!
Ouch! That really hurt!
You closely miss the gnoll. You scratch the gnoll. Your bite misses the gnoll.
The gnoll is moderately wounded.
The gnoll hits you with a +0 heavy spear!
Ouch! That really hurt!
You die...
Your shape twists and changes as you die.
The gnoll misses you.
You rejoin the land of the living...
A hobgoblin comes into view.
You open the door.
There is an open door here.
There is a stone staircase leading up here.
You climb upwards.
There is a stone staircase leading down here.
You see here 2 boomerangs.
There is a staircase leading out of the dungeon here.
You have escaped!

.....####..## #.....##....# #
...........(#####.........#.#####
.....###.###........#######......
..##.##.####..♣♣.♣♣..## #######
..##.##.###.♣♣♣♣.♣♣♣♣.#########
..##.##.#⌠.♣♣♣♣∩.∩♣♣♣♣.>......#
..##.###...♣♣∩.....∩♣♣..#####.#
#.##.####.♣♣∩..♣♣♣..∩♣♣.# #.#
#.........♣♣∩...h...∩♣♣.# #.#
#.##.###..♣♣∩..♣♣♣..∩♣♣.# #.#
#.....###..♣♣∩.....∩♣♣..# #.#
#.##..###⌠.♣♣.♣∩∩∩.♣♣♣.># #.#
..............♣♣♣♣♣.♣..## #.#
#.###.###..#..♣♣♣♣♣....# #.#
......# #...#.......#.## ###.###
#.###.###.#....####...# #......
..........###### ##..# #.#...#


There were no monsters in sight!

Vanquished Creatures
  An adder (D:2)
  A dart slug (D:1)
  2 bats (D:1)
  An endoplasm (D:1)
  A giant cockroach (D:1)
  3 goblins
  2 hobgoblins (D:1)
  4 jackals (D:1)
  4 kobolds (D:1)
  6 ball pythons
  A frilled lizard (D:2)
  4 rats
30 creatures vanquished.

Notes
Turn   | Place    | Note
-------+----------+-------------------------------------------
     0 | D:1      | avis the Felid Shapeshifter began the quest for the Orb.
     0 | D:1      | Reached XP level 1. HP: 9/9 MP: 2/2
   208 | D:1      | Reached XP level 2. HP: 11/13 MP: 3/3
   333 | D:1      | Reached skill level 4 in Shapeshifting
   637 | D:1      | Reached XP level 3. HP: 16/16 MP: 4/4
   700 | D:1      | Found a faded altar of an unknown god.
  1371 | D:2      | Slain by a gnoll
  1433 | D:$      | Got out of the dungeon alive.

Illustrated notes

Levels and vault maps discovered:
D:1:      heliophobic_arrival_henge, layout_loops_ring,
          shapermc_ecumenical_altar_hornbeckon, serial_aquarium,
          aquarium_bridge_straight [aquarium_subvault_bridge,
          aquarium_subvault_window, aquarium_subvault_bridge,
          aquarium_subvault_wall], aquarium_bridge_square
          [aquarium_subvault_wall, aquarium_subvault_bridge,
          aquarium_subvault_bridge, aquarium_subvault_window],
          aquarium_window_1, aquarium_window_1, aquarium_view_2d,
          aquarium_balcony_3a, st_stairs_4, minmay_shallow_snake_nest
D:2:      layout_basic, kennysheep_nondescript, minmay_misc_feat_rows

Skill      XL: |  1  2 |
---------------+-------+-----
Fighting       | 2 |  2.0
Shapeshifting  | 4 |  4.3
Dodging        | |  2.6
Unarmed Combat | |  3.0

Action                     || total
---------------------------++-------
  Melee: Unarmed           ||    59
         Bite              ||     6
         Punch             ||     1
   Stab: Sleeping          ||     1
 Armour: Skin              ||    18
  Dodge: Dodged            ||    46

Table legend: (Time is in decaauts)
 A = Elapsed time spent in this place.
 B = Non-inter-level travel time spent in this place.
 C = Inter-level travel time spent in this place.
 D = Time resting spent in this place.
 E = Time spent auto-exploring this place.
 F = Levels seen in this place.
 G = Mean time per level.
                   A        B        C        D        E       F      G
               +--------+--------+--------+--------+--------+-----+--------+
         Total |   1194 |   1057 |    137 |     87 |    648 |   2 |  597.0 |
       Dungeon |   1194 |   1057 |    137 |     87 |    648 |   2 |  597.0 |
               +--------+--------+--------+--------+--------+-----+--------+

Top non-repeatable levels by time:
     D:1: 917 daAuts
     D:2: 277 daAuts
